 Dungeon Crawl Stone Soup version 0.28-a0-991-g956f0ee3d5 (webtiles) character file.

Game seed: 5352532568634363232

1656 horus123 the Grappler (level 8, -1/75 HPs)
             Began as a Troll Berserker on Dec 5, 2021.
             Was a Priest of Trog.
             Killed from afar by an electric eel (14 damage)
             ... with a bolt of electricity
             ... on level 5 of the Dungeon.
             The game lasted 00:06:09 (4173 turns).

horus123 the Grappler (Troll Berserker)             Turns: 4173, Time: 00:06:09

Health: -1/75      AC:  4    Str: 28    XL:     8   Next: 68%
Magic:  7/7        EV: 11    Int:  3    God:    Trog [***...]
Gold:   270        SH:  0    Dex:  9    Spells: 7/7 levels left

rFire   . . .      SeeInvis .     - Unarmed
rCold   . . .      Faith    .   (no shield)
rNeg    + . .      Spirit   .   a - +0 animal skin
rPois   .          Reflect  .   (helmet restricted)
rElec   .          Harm     .   (no cloak)
rCorr   .          Rampage  .   (gloves unavailable)
Will    .....                   (boots unavailable)
Stlth   +.........              (no amulet)
HPRegen 1.02/turn               j - ring of positive energy
MPRegen 0.10/turn               (no ring)

@: no status effects
A: large, unfitting armour, claws 3, regeneration 1, shaggy fur 1, tough skin 1
a: Renounce Religion, Berserk, Trog's Hand


You were on level 5 of the Dungeon.
You worshipped Trog.
Trog was most pleased with you.
You visited 1 branch of the dungeon, and saw 5 of its levels.

You collected 270 gold pieces.

Inventory:

Armour
 a - a +0 animal skin (worn)
Jewellery
 j - a ring of positive energy (left claw)
Wands
 g - a wand of mindburst (22)
 h - a wand of polymorph (5)
 k - a wand of iceblast (14)
Scrolls
 e - 2 scrolls of teleportation
Potions
 b - a potion of might {unknown}
 c - 2 potions of lignification
 d - a potion of flight {unknown}
 i - 2 potions of heal wounds {unknown}
 l - a potion of curing {unknown}


   Skills:
 - Level 3.5 Fighting
 - Level 5.2 Dodging
 - Level 1.5 Stealth
 - Level 8.3 Unarmed Combat
 + Level 2.5 Evocations


You had 7 spell levels left.
You didn't know any spells.
Your spell library was empty.

Dungeon Overview and Level Annotations

Branches:
Dungeon (5/15)
 Temple: D:4-7

Altars:
Ashenzari
Kikubaaqudgha
Qazlal
Trog


Innate Abilities, Weirdness & Mutations

You are too large for most types of armour.
You have claws for hands.
Your natural rate of healing is unusually fast.
You are covered in fur. (AC +1)
You have tough skin. (AC +1)


Message History

Trog accepts your kill.
Your Evocations skill gained 2 levels and is now at level 2!
You feel a strong urge to attack something.
You feel your anger nearly subside.
You are no longer berserk.
You are exhausted.
You feel yourself slow down.
You feel the effects of Trog's Hand fading.
You start waiting.
Your skin stops crawling.
You feel less strong-willed.
You start waiting.
You feel yourself speed up.
You start waiting.
You recover from your berserk rage.
You start waiting.
Done waiting.
You open the door.
The electric eel shoots out a bolt of lightning at you!
The bolt of electricity hits the electric eel.
The electric eel completely resists.
The bolt of electricity hits the plant!
The plant begins to die.
The bolt of electricity hits the plant!
The plant begins to die.
The bolt of electricity hits you!
There is an open door here.
The electric eel shoots out a bolt of lightning at you!
The bolt of electricity hits the plant!
The bolt of electricity hits you!
The electric eel shoots out a bolt of lightning at you!
The bolt of electricity hits the plant! x2; The bolt of electricity hits you!
The electric eel shoots out a bolt of lightning at you!
The bolt of electricity hits the electric eel.
The electric eel completely resists.
The bolt of electricity hits the plant!
The bolt of electricity hits you!
The electric eel shoots out a bolt of lightning at you!
The bolt of electricity hits you!
* * * LOW HITPOINT WARNING * * *
The electric eel shoots out a bolt of lightning at you!
The bolt of electricity hits the plant!
The bolt of electricity hits you!
* * * LOW HITPOINT WARNING * * *
The electric eel shoots out a bolt of lightning at you!
The bolt of electricity misses the electric eel.
The bolt of electricity hits you!
You die...

# #...##.#≈## ..≈/≈##.# ## #
###.##.#≈# ..P$SS#.# #
#.##.#.# ..≈$.S#.# #.##.#.#+
.≈P≈≈≈#.# ##### #.##.#..#
....≈##≈## #...#
#....##≈##########≈#####...##
#######≈≈##..P≈(≈##≈#..(.....
##≈#...P.?≈≈#.#.##...##
#≈#..@.PS.≈#.#.##...#
#.#'..PS.S≈#.#.##...#
#..#..P)$≈##'#.##...##
##.########..........# ###
##.####....# #...........
#......###.. #...........
#..)........


You could see 3 electric eels.

Vanquished Creatures
  A troll (D:5)
  A hornet (D:5)
  An ice beast (D:5)
  2 necrophages (D:5)
  An ogre (D:4)
  A kobold brigand (D:5)
  A scorpion (D:4)
  A water moccasin zombie (D:5)
  A wight (D:5)
  A howler monkey (D:4)
  A bullfrog skeleton (D:5)
  A gnoll shaman (D:4)
  3 orc priests
  3 hounds
  Ijyb (D:3)
  An orc wizard (D:4)
  3 killer bee zombies
  6 adders
  11 gnolls
  A shadow imp (D:5)
  A white imp (D:3)
  2 adder zombies (D:5)
  A worm (D:4)
  3 dart slugs
  10 orcs
  7 ball pythons
  4 bats
  8 endoplasms
  9 giant cockroaches
  4 goblins
  7 hobgoblins
  4 jackals
  4 quokkas
  8 frilled lizards
  10 kobolds
  6 rats
130 creatures vanquished.

Vanquished Creatures (others)
  A demonic plant (D:2)
  7 fungi (D:2)
  8 plants (D:2)
  5 withered plants (D:2)
21 creatures vanquished.

Grand Total: 151 creatures vanquished

Notes
Turn   | Place    | Note
-------+----------+-------------------------------------------
     0 | D:1      | horus123 the Troll Berserker began the quest for the Orb.
     0 | D:1      | Reached XP level 1. HP: 22/22 MP: 0/0
    29 | D:1      | Reached XP level 2. HP: 28/29 MP: 1/1
   190 | D:1      | Reached XP level 3. HP: 35/36 MP: 2/2
   343 | D:1      | Reached ** piety under Trog
   516 | D:2      | Found a faded altar of an unknown god.
   605 | D:2      | Reached XP level 4. HP: 20/45 MP: 3/3
   733 | D:2      | Reached skill level 4 in Unarmed Combat
  1794 | D:3      | Reached XP level 5. HP: 30/49 MP: 4/4
  1805 | D:3      | Reached skill level 5 in Unarmed Combat
  1860 | D:3      | Found a stormy altar of Qazlal.
  2016 | D:3      | Found a bloodstained altar of Trog.
  2131 | D:3      | Noticed Ijyb
  2160 | D:3      | Killed Ijyb
  2514 | D:4      | Reached XP level 6. HP: 58/61 MP: 5/5
  2530 | D:4      | Reached *** piety under Trog
  2677 | D:4      | Reached skill level 6 in Unarmed Combat
  2730 | D:4      | Reached XP level 7. HP: 49/67 MP: 6/6
  2935 | D:4      | Found an ancient bone altar of Kikubaaqudgha.
  3288 | D:5      | Entered Level 5 of the Dungeon
  3455 | D:5      | Found a broken altar of Ashenzari.
  3525 | D:5      | Reached skill level 1 in Stealth
  3525 | D:5      | Reached skill level 7 in Unarmed Combat
  3607 | D:5      | Noticed a hornet
  3621 | D:5      | Killed a hornet
  3622 | D:5      | Reached XP level 8. HP: 68/75 MP: 7/7
  3625 | D:5      | Reached skill level 5 in Dodging
  3628 | D:5      | Reached skill level 8 in Unarmed Combat
  4028 | D:5      | Noticed a troll
  4035 | D:5      | Killed a troll
  4173 | D:5      | Killed from afar by an electric eel

Illustrated notes

Levels and vault maps discovered:
D:1:      pf_arrival_petrified_forest, layout_rooms, chequers_mini_garden,
          minmay_worlds_worst_comb
D:2:      wad_crossroads, layout_basic, shapermc_ecumenical_altar_gd,
          kennysheep_generic_room_6
D:3:      layout_basic, bloody_trog, nicolae_overflow_crystal_walls,
          serial_park_tiny_pond, hangedman_feature_mirror, uniq_ijyb
D:4:      nicolae_cairo_tiling_large_dashed, layout_loops_ring,
          mainiacjoe_overflow_paths, chequers_serial_rivers_small_b
D:5:      cheibrodos_two_vegetables, layout_basic, cheibrodos_ashenzari_chains,
          minivault_25, minmay_misc_feat_tower, minmay_fractal_squares_5

Skill      XL: |  1  2  3  4  5  6  7  8 |
---------------+-------------------------+-----
Fighting       | 3 |  3.5
Dodging        | 3 4 5 |  5.2
Unarmed Combat | 4 5 6 7 8 |  8.3
Stealth        | 1 |  1.5
Evocations     | 2 |  2.5

Action                   |  1- 3 |  4- 6 |  7- 9 || total
-------------------------+-------+-------+-------++-------
Melee: Unarmed           |    79 |   201 |    75 ||   355
       Punch             |     1 |     5 |     3 ||     9
Invok: Berserk           |       |     2 |     2 ||     4
       Trog's Hand       |       |     1 |     2 ||     3
  Use: Scroll            |       |     1 |     2 ||     3
 Stab: Sleeping          |       |     2 |     2 ||     4
Armor: Animal skin       |    34 |    44 |    19 ||    97
Dodge: Dodged            |    28 |   117 |    29 ||   174

Table legend: (Time is in decaauts)
 A = Elapsed time spent in this place.
 B = Non-inter-level travel time spent in this place.
 C = Inter-level travel time spent in this place.
 D = Time resting spent in this place.
 E = Time spent auto-exploring this place.
 F = Levels seen in this place.
 G = Mean time per level.
                   A        B        C        D        E       F      G
               +--------+--------+--------+--------+--------+-----+--------+
         Total |   4181 |   4065 |    116 |    224 |   3078 |   5 |  836.2 |
       Dungeon |   4181 |   4065 |    116 |    224 |   3078 |   5 |  836.2 |
               +--------+--------+--------+--------+--------+-----+--------+

Top non-repeatable levels by time:
     D:2: 1195 daAuts
     D:5: 900 daAuts
     D:3: 867 daAuts
     D:4: 779 daAuts
     D:1: 438 daAuts
